 Dungeon Crawl Stone Soup version 0.24-a0-183-g8902462 (console) character file.

Game seed: 13816706936067516774

16558 Duffy the Thaumaturge (level 12, -7/98 HPs)
             Began as an Octopode Transmuter on Mar 15, 2019.
             Was an Initiate of Gozag.
             Mangled by a spiny frog (15 damage)
             ... on level 1 of the Lair of Beasts.
             The game lasted 00:27:42 (20161 turns).

Duffy the Thaumaturge (Octopode Transmuter)        Turns: 20161, Time: 00:27:43

Health: -7/98      AC:  8    Str: 12    XL:     12   Next: 38%
Magic:  24/26      EV: 15    Int: 23    God:    Gozag
Gold:   2130       SH:  4    Dex: 13    Spells: 22/32 levels left

rFire    x . .     SeeInvis .     - Unarmed
rCold    + + +     Gourm    .   (shield currently unavailable)
rNeg     . . .     Faith    .   (helmet currently unavailable)
rPois    +         Spirit   .   t - +4 amulet of reflection
rElec    .         Reflect  +   n - +3 ring of intelligence
rCorr    +         Harm     .   p - +1 ring of protection
MR       +....                  x - ring of protection from magic
Stlth    +.........             E - ring of resist corrosion
HPRegen  0.26/turn              K - +3 ring of strength
MPRegen  0.20/turn              (no ring)
                                (no ring)
                                (no ring)

@: lethally poisoned (-7 -> -22), ice-form, gold aura
A: large, almost no armour, stealthy swim, amphibious, 8 rings, (constrict 8)
a: End Transformation, Potion Petition, Call Merchant, Bribe Branch, Renounce
Religion


You were on level 1 of the Lair of Beasts.
You worshipped Gozag.
Gozag was most pleased with you.
You were hungry.
You were a creature of crystalline ice.
You visited 2 branches of the dungeon, and saw 13 of its levels.

You collected 3373 gold pieces.
You spent 520 gold pieces at shops.
You paid 723 gold pieces to Gozag.

Inventory:

Hand Weapons
 J - a +0 blowgun
Missiles
 a - 147 arrows
 I - 5 curare-tipped needles
Magical Staves
 C - an uncursed staff of cold {!a}
Jewellery
 n - a +3 ring of intelligence (left front paw)
 p - a +1 ring of protection (right front paw)
 t - a +4 amulet of reflection (around neck)
 x - a ring of protection from magic (on tentacle)
 E - a ring of resist corrosion (on tentacle)
 F - an uncursed amulet of magic regeneration
 K - a +3 ring of strength (on tentacle)
Wands
 i - a wand of flame (41)
 w - a wand of acid (3)
 y - a wand of random effects (24)
 A - a wand of disintegration (14)
Scrolls
 d - 2 scrolls of teleportation
 f - 3 scrolls of fog {unknown}
 g - a scroll of noise {unknown}
 h - 4 scrolls of remove curse
 j - 3 scrolls of magic mapping {unknown}
 l - 2 scrolls of blinking {unknown}
 s - 2 scrolls of random uselessness {unknown}
 B - a scroll of enchant armour {unknown}
Potions
 b - 2 potions of might
 e - 2 potions of mutation
 k - 3 potions of flight
 m - a potion of brilliance {unknown}
 o - 3 potions of agility
 q - a potion of invisibility {unknown}
 r - a potion of lignification
 u - a potion of cancellation {unknown}
 v - 3 potions of degeneration
 z - a potion of haste {unknown}
 G - a potion of ambrosia
 H - 2 potions of curing
Comestibles
 c - 7 rations


   Skills:
 + Level 7.7 Fighting
 + Level 9.4 Dodging
 - Level 10.0 Unarmed Combat
 + Level 10.6 Spellcasting
 - Level 5.0 Transmutations
 - Level 3.0 Ice Magic
 - Level 2.5 Poison Magic


You had 22 spell levels left.
You knew the following spells:

 Your Spells              Type           Power        Failure   Level  Hunger
h - Spider Form           Tmut/Pois      ####......   3%          3    None
j - Sticks to Snakes      Tmut           #####...     1%          2    None
k - Beastly Appendage     Tmut           #####.       1%          1    None
l - Ice Form              Ice/Tmut       ####....     10%         4    #......

Your spell library contained the following spells:

 Spells                   Type           Power        Failure   Level  Hunger
 Ensorcelled Hibernation  Hex/Ice        ###...       4%          2    None
 Corona                   Hex            ##.....      5%          1    None
 Shock                    Conj/Air       ##..         5%          1    None
 Swiftness                Chrm/Air       ##......     9%          2    None
 Confuse                  Hex            ##......     16%         3    None
 Dazzling Spray           Conj/Hex       ##....       16%         3    None
 Static Discharge         Conj/Air       ##......     16%         3    None
 Tukima's Dance           Hex            ##......     16%         3    None
 Blade Hands              Tmut           #####.....   19%         5    ####...
 Airstrike                Air            ##........   47%         4    #......
 Lightning Bolt           Conj/Air       ##........   83%         5    ####...


Dungeon Overview and Level Annotations

Branches:
Dungeon (12/15)            Temple (0/1) D:5            Lair (1/6) D:8
    Orc (0/2) D:10

Altars:
Ashenzari
Dithmenos
Elyvilon
Gozag
Kikubaaqudgha
Nemelex Xobeh
Ru
Uskayaw
Wu Jian
Zin
Beogh

Shops:
D:10 (

Annotations:
D:8 exclusion: upstairs
D:11 1 runed translucent door
Lair:1 1 transporter


Innate Abilities, Weirdness & Mutations

You cannot wear most types of armour.
You are very stealthy in the water. (Stealth+)
You are amphibious.
You can wear up to eight rings at the same time.
((You can use your tentacles to constrict eight enemies at once.))
((Your skin changes colour to match your surroundings (Stealth+).))
((Your rubbery body absorbs attacks. (AC +1, EV +1)))


Message History

You hit the spiny frog.
The spiny frog seems to slow down.
You freeze the spiny frog.
The spiny frog is heavily wounded.
The spiny frog barely misses you. The spiny frog stings you!
You are poisoned.
The spiny frog poisons you!
You pummel the spiny frog!!
The spiny frog seems to slow down.
You freeze the spiny frog.
You kill the spiny frog!
You feel sick. The spiny frog stings you!
Evoke which item? (* to show all) (? for menu, Esc to quit)
Aiming: Corrosive Bolt
Press: ? - help, Shift-Dir - straight line, f - spiny frog
Aim: a spiny frog The bolt of acid hits the spiny frog.
The spiny frog is splashed with acid!
The acid corrodes the spiny frog!
The spiny frog is moderately wounded.
You feel sick. The spiny frog stings you!
You die...
Your body crumbles into a pile of gold.

.............
............ ...........
..........# ..........#
..........# .......$..#
......FY..# ..........#
..........#
.........####+++####
.........#0.000F00.#
.........#00..0.000# ....
.........#0000000.0#.....
.........#00.[)$000#.....
........#00DD^(000#.....


You could see a spiny frog.

Vanquished Creatures
  Erica (D:8)
  3 two-headed ogres
  An ugly thing (D:12)
  A cyclops (D:11)
  A centaur zombie (D:12)
  Maurice (D:8)
  3 gargoyles
  A spiny frog (Lair:1)
  3 trolls
  Grinder (D:4)
  3 hornets
  2 hippogriffs
  A spriggan (D:10)
  A vampire (D:10)
  11 yaks
  3 hungry ghosts
  Duvessa (D:4)
  A porcupine (Lair:1)
  An eye of draining (D:11)
  4 sky beasts
  5 ice beasts
  6 orc warriors
  4 black bears
  4 phantoms
  A hornet zombie (D:9)
  7 ogres
  2 necrophages
  6 centaurs
  4 big kobolds
  4 bullfrogs
  2 gnoll sergeants
  Dowan (D:4)
  A wyvern skeleton (D:12)
  2 scorpions
  13 killer bees
  6 wights
  2 howler monkeys (D:11)
  3 crimson imps (D:8)
  2 quasits
  A bullfrog zombie (D:11)
  A jelly (D:12)
  2 gnoll shamans
  8 hounds
  Crazy Yiuf (D:2)
  3 centaur skeletons
  A bullfrog skeleton (D:8)
  6 orc priests
  6 orc wizards
  3 iguanas
  13 worker ants
  2 worker ant zombies
  18 gnolls
  17 adders
  4 shadow imps
  3 adder skeletons
  An adder zombie (D:9)
  3 worms
  2 dart slugs (D:2)
  10 leopard geckos
  34 orcs
  A ball python (D:2)
  10 bats
  7 giant cockroaches
  12 goblins
  6 hobgoblins
  11 jackals
  29 kobolds
  10 quokkas
  9 frilled lizards
  A quokka skeleton (D:4)
  10 rats
364 creatures vanquished.

Vanquished Creatures (collateral kills)
  An ice beast (D:6)
  A bullfrog (D:8)
2 creatures vanquished.

Vanquished Creatures (others)
  A kobold (D:10)
  6 fungi (D:8)
  3 plants (D:8)
10 creatures vanquished.

Grand Total: 376 creatures vanquished

Notes
Turn   | Place    | Note
-------+----------+-------------------------------------------
     0 | D:1      | Duffy the Octopode Transmuter began the quest for the Orb.
     0 | D:1      | Reached XP level 1. HP: 13/13 MP: 3/3
   269 | D:1      | Reached XP level 2. HP: 14/19 MP: 5/5
  1438 | D:1      | Reached XP level 3. HP: 25/25 MP: 6/6
  1442 | D:1      | Learned a level 2 spell: Sticks to Snakes
  1446 | D:1      | Learned a level 3 spell: Spider Form
  1649 | D:2      | Reached skill level 1 in Poison Magic
  1668 | D:2      | Found an opulent altar of Gozag.
  1683 | D:2      | Became a worshipper of Gozag Ym Sagoz the Greedy
  1927 | D:2      | Reached XP level 4. HP: 24/30 MP: 3/7
  2755 | D:2      | Found a runed translucent door.
  3012 | D:3      | Reached XP level 5. HP: 26/36 MP: 7/9
  3504 | D:3      | Learned a level 4 spell: Ice Form
  3668 | D:3      | You fall through a shaft!
  3669 | D:4      | Noticed a phantom
  3678 | D:4      | Noticed Duvessa
  3679 | D:4      | Noticed an ogre
  3679 | D:4      | Noticed Dowan
  3688 | D:4      | Noticed Grinder
  3717 | D:4      | Reached XP level 6. HP: 27/41 MP: 0/10
  3728 | D:5      | Entered Level 5 of the Dungeon
  4618 | D:5      | Found a staircase to the Ecumenical Temple.
  4623 | D:5      | Reached XP level 7. HP: 37/45 MP: 8/12
  5632 | D:6      | Found a sparkling altar of Nemelex Xobeh.
  5938 | D:6      | Reached skill level 5 in Unarmed Combat
  6602 | D:7      | Reached XP level 8. HP: 43/51 MP: 10/15
  6659 | D:7      | Found a sparkling altar of Nemelex Xobeh.
  6845 | D:7      | Found an ancient bone altar of Kikubaaqudgha.
  6930 | D:8      | Reached skill level 5 in Spellcasting
  7065 | D:6      | Reached skill level 5 in Dodging
  7377 | D:8      | Noticed a hippogriff
  7831 | D:7      | Killed a hippogriff
  7926 | D:8      | Noticed Maurice
  8160 | D:8      | Killed Maurice
  8160 | D:8      | Reached XP level 9. HP: 37/55 MP: 15/18
  8643 | D:8      | Found a shattered altar of Ashenzari.
  8646 | D:8      | Noticed Erica
  8655 | D:8      | Killed Erica
  9065 | D:8      | Found a staircase to the Lair.
  9111 | D:8      | Reached XP level 10. HP: 55/63 MP: 14/21
  9436 | D:9      | Reached skill level 1 in Ice Magic
  9600 | D:9      | Found a glowing silver altar of Zin.
  9727 | D:9      | Noticed a two-headed ogre
  9761 | D:9      | Killed a two-headed ogre
 10923 | D:10     | Entered Level 10 of the Dungeon
 11557 | D:10     | Reached skill level 5 in Transmutations
 11942 | D:10     | Found Eskudaabi's Antique Weapon Boutique.
 12031 | D:10     | Reached XP level 11. HP: 70/70 MP: 22/24
 12111 | D:10     | Found a staircase to the Orcish Mines.
 12232 | D:10     | Found a roughly hewn altar of Beogh.
 12268 | D:10     | Reached skill level 5 in Fighting
 12428 | D:10     | Bought a ration for 65 gold pieces
 12428 | D:10     | Bought a ration for 65 gold pieces
 12428 | D:10     | Bought a ration for 65 gold pieces
 12428 | D:10     | Bought a ration for 65 gold pieces
 12428 | D:10     | Bought a ration for 65 gold pieces
 12428 | D:10     | Bought a ration for 65 gold pieces
 12428 | D:10     | Bought a ration for 65 gold pieces
 12428 | D:10     | Bought a ration for 65 gold pieces
 13260 | D:7      | Found an ornate altar of the Wu Jian Council.
 13385 | D:7      | Found a white marble altar of Elyvilon.
 14000 | D:4      | Killed Grinder
 14175 | D:4      | Killed Duvessa
 14187 | D:4      | Killed Dowan
 14297 | D:4      | Found a shadowy altar of Dithmenos.
 15284 | D:2      | Noticed Crazy Yiuf
 15291 | D:2      | Killed Crazy Yiuf
 16103 | D:11     | Noticed a cyclops
 16339 | D:11     | Killed a cyclops
 17113 | D:11     | Found a glowing silver altar of Zin.
 17471 | D:11     | Found a glowing silver altar of Zin.
 17474 | D:11     | Found a runed translucent door.
 17474 | D:11     | Noticed an angel
 17640 | D:11     | Paralysed by a hornet for 1 turns
 18132 | D:12     | Reached skill level 10 in Spellcasting
 18272 | D:12     | Noticed a two-headed ogre
 18294 | D:12     | Killed a two-headed ogre
 18294 | D:12     | Reached skill level 10 in Unarmed Combat
 18474 | D:12     | Noticed a two-headed ogre
 18485 | D:12     | Killed a two-headed ogre
 18485 | D:12     | Reached XP level 12. HP: 50/80 MP: 21/26
 19872 | D:12     | Found a sacrificial altar of Ru.
 20046 | Lair:1   | Entered Level 1 of the Lair of Beasts
 20046 | Lair:1   | Found a hide-covered altar of Uskayaw.
 20122 | Lair:1   | Found a transporter.
 20161 | Lair:1   | Mangled by a spiny frog

Levels and vault maps discovered:
D:1:      giann_horns, layout_basic, patterned_corridor
D:2:      layout_loops_ring, lemuel_crystal_altar, uniq_crazy_yiuf_cottage
D:3:      kb_forest_paths, layout_loops_corners
D:4:      layout_loops_ring, nicolae_dithmenos_the_darkroom, uniq_duvessa,
          uniq_grinder
D:5:      layout_rooms, minmay_temple_entry_junction, first_ration
D:6:      layout_basic, nicolae_overflow_crystal_walls, minmay_crystal_room
D:7:      layout_rooms, nicolae_overflow_hidden_temple, old_standard_altar,
          overflow_temple_1_default, basic_altar
D:8:      layout_cave_pools, old_standard_altar, grunt_lair_entry_orc_guard_hut,
          uniq_erica, uniq_maurice
D:9:      layout_basic, marbit_many_paths
D:10:     layout_loops_ring, minmay_orc_entry_temple_small, serial_shops,
          kennysheep_little_box, grunt_pizzeria
D:11:     layout_rooms, kennysheep_flooded_box, chequers_serial_rivers_large_a,
          lemuel_angel_altar
D:12:     layout_loops_ring, nicolae_ru_the_path_less_chosen
Lair:1:   gammafunk_cloud_chamber, layout_regular_city, basic_altar

Skill      XL: |  1  2  3  4  5  6  7  8  9 10 11 12 |
---------------+-------------------------------------+-----
Fighting       | 2 3 4 6 7 |  7.7
Poison Magic   | 2 |  2.5
Spellcasting   | 3 4 6 7 9 10 | 10.6
Dodging        | 3 4 6 7 8 9 |  9.4
Unarmed Combat | 4 5 6 8 10 | 10.0
Ice Magic      | 3 |  3.0
Transmutations | 5 |  5.0

Action                   |  1- 3 |  4- 6 |  7- 9 | 10-12 || total
-------------------------+-------+-------+-------+-------++-------
Melee: Unarmed           |    98 |   160 |   272 |   874 ||  1404
       Constrict         |    21 |    34 |    15 |    55 ||   125
       Tentacles         |    11 |    15 |    21 |    38 ||    85
       Punch             |     2 |     1 |       |    19 ||    22
 Cast: Spider Form       |     2 |     6 |    29 |    39 ||    76
       Sticks to Snakes  |       |       |    10 |       ||    10
       Ice Form          |       |       |       |    14 ||    14
Invok: Call Merchant     |       |       |       |     1 ||     1
 Abil: End Transformatio |       |       |       |     2 ||     2
Evoke: Wand              |       |       |       |     1 ||     1
  Use: Scroll            |       |     6 |     3 |     5 ||    14
       Potion            |       |       |       |     1 ||     1
 Stab: Sleeping          |     3 |    11 |       |    10 ||    24
       Distracted        |     1 |       |     1 |     9 ||    11
  Eat: Chunk             |     3 |       |       |       ||     3
       Ration            |       |     3 |     4 |    12 ||    19
Armor: Skin              |     6 |    10 |    17 |    51 ||    84
Dodge: Dodged            |    67 |   120 |   194 |   553 ||   934
Block: Other             |       |       |    18 |   114 ||   132
       Reflection        |       |       |       |     6 ||     6

Table legend:
 A = Non-vault XP
 B = Vault XP
 C = Vault XP percentage of total XP
 D = Non-vault monster count
 E = Vault monster count
 F = Vault count percentage of total count
                 A         B        C        D         E       F
            +---------+---------+-------+---------+---------+-------
      Total |   20539 |    3116 |  13.2 |     336 |      30 |   8.2
            +---------+---------+-------+---------+---------+-------
        D:1 |      34 |       0 |   0.0 |      22 |       0 |   0.0
        D:2 |     111 |      41 |  27.0 |      32 |       1 |   3.0
        D:3 |     408 |      45 |   9.9 |      39 |       6 |  13.3
        D:4 |     277 |     507 |  64.7 |      22 |       3 |  12.0
        D:5 |     533 |       0 |   0.0 |       9 |       0 |   0.0
        D:6 |     682 |       0 |   0.0 |      18 |       0 |   0.0
        D:7 |    1314 |       0 |   0.0 |      24 |       0 |   0.0
        D:8 |     963 |    1866 |  66.0 |      18 |       7 |  28.0
        D:9 |    2447 |      13 |   0.5 |      19 |       1 |   5.0
       D:10 |    2715 |     644 |  19.2 |      37 |      12 |  24.5
       D:11 |    3340 |       0 |   0.0 |      56 |       0 |   0.0
       D:12 |    7181 |       0 |   0.0 |      38 |       0 |   0.0
     Lair:1 |     534 |       0 |   0.0 |       2 |       0 |   0.0
            +---------+---------+-------+---------+---------+-------
